 Dungeon Crawl Stone Soup version 0.27.1-3-gb3d3a73c9e (webtiles) character file.

Game seed: 16213815868738016242

200 Jahmms the Insei (level 5, 0/34 HPs)
             Began as an Octopode Transmuter on Oct 6, 2021.
             Slain by a bullfrog (6 damage)
             ... on level 4 of the Dungeon.
             The game lasted 00:39:19 (4562 turns).

Jahmms the Insei (Octopode Transmuter)              Turns: 4562, Time: 00:39:20

Health: 0/34       AC:  2    Str: 10    XL:     5   Next: 78%
Magic:  8/8        EV: 13    Int: 16    God:
Gold:   145        SH:  3    Dex: 12    Spells: 3/8 levels left

rFire    . . .     SeeInvis .     - Unarmed
rCold    . . .     Faith    .   h - +0 buckler
rNeg     . . .     Spirit   .   b - +1 hat {Will+}
rPois    .         Reflect  .   (no amulet)
rElec    .         Harm     .   (no ring)
rCorr    .         Rampage  .   (no ring)
Will     +....                  (no ring)
Stlth    +++.......             (no ring)
HPRegen  0.11/turn              (no ring)
MPRegen  0.11/turn              (no ring)
                                (no ring)
                                (no ring)

@: no status effects
A: almost no armour, amphibious, 8 rings, camouflage 1, gelatinous body 1,
(nimble swimmer 1), tentacles
a: no special abilities


You were on level 4 of the Dungeon.
You visited 1 branch of the dungeon, and saw 4 of its levels.

You collected 145 gold pieces.

Inventory:

Hand Weapons
 a - a +0 dagger
 c - a +0 dagger
 f - a +0 short sword
 i - a +1 whip of electrocution
 k - a +0 dagger
 l - a +0 short sword
 m - a +0 hand axe
 r - a +0 flail
 v - a +0 rapier
Missiles
 d - 76 stones
 n - 28 arrows
 p - 3 boomerangs
Armour
 b - a +1 hat of willpower (worn)
 h - a +0 buckler (worn)
 o - a +2 cloak
Wands
 j - a wand of mindburst (18)
Scrolls
 g - a scroll of fear
 q - a scroll of identify
 s - 4 scrolls of magic mapping {unknown}
Potions
 e - a potion of magic
 t - a potion of ambrosia {unknown}
 u - a potion of lignification {unknown}


   Skills:
 + Level 1.7 Fighting
 * Level 3.1 Dodging
 + Level 2.0 Stealth
 + Level 0.8 Shields
 * Level 3.9 Unarmed Combat
 + Level 2.4 Spellcasting
 + Level 0.6 Necromancy
 * Level 3.2 Transmutations


You had 3 spell levels left.
You knew the following spells:

 Your Spells              Type           Power      Damage    Failure   Level
a - Beastly Appendage     Tmut           24%        N/A       8%          1
b - Wereblood             Tmut           12%        N/A       12%         2
c - Animate Skeleton      Necr           8%         N/A       22%         1
d - Pain                  Necr           16%        1d4       22%         1

Your spell library contained the following spells:

 Spells                   Type           Power      Damage    Failure   Level
 Spider Form              Tmut/Pois      3%         N/A       43%         3
 Vampiric Draining        Necr           2%         2d6       56%         3
 Ice Form                 Ice/Tmut       7%         N/A       83%         4


Dungeon Overview and Level Annotations

Branches:
Dungeon (4/15)
 Temple: D:4-7

Altars:

Annotations:
D:4 3 runed translucent doors, Cykl0x's ghost, amateur MiFi


Innate Abilities, Weirdness & Mutations

You cannot wear most types of armour.
You are amphibious.
You can wear up to eight rings at the same time.
Your skin changes colour to match your surroundings (Stealth+).
Your rubbery body absorbs attacks. (AC +1, EV +1)
((You are camouflaged near water. (Stealth+)))
You have tentacles for arms and can constrict up to eight enemies at once.


Message History

There is a stone staircase leading up here.
Found a stone and 6 large rocks.
Found a stone.
Cykl0x's ghost turns its malevolent gaze towards you.
Level annotation: 3 runed translucent doors, Cykl0x's ghost, amateur MiFi Welcome back, Jahmms the Octopode Transmuter.
Press ? for a list of commands and other information.
Found a stone.
Press: ? - help, v - describe, . - travel
Here: Cykl0x's ghost (fire blocked by a runed translucent door)
The floor.
Found 2 stones.
Press: ? - help, v - describe, . - travel A runed translucent gate.
Press: ? - help, v - describe, . - travel The floor.
A bullfrog comes into view.
The helpless bullfrog fails to defend itself.
You tentacle-slap the bullfrog. Your grab misses the bullfrog.
The bullfrog is moderately wounded.
The bullfrog closely misses you. x2
You tentacle-slap the bullfrog. You grab the bullfrog.
The bullfrog is moderately wounded.
You constrict the bullfrog.
The bullfrog releases a deep croak.
The bullfrog hits you!
You barely miss the bullfrog.
The bullfrog is moderately wounded.
You constrict the bullfrog. The bullfrog hits you! x2
You tentacle-slap the bullfrog.
The bullfrog is heavily wounded.
You constrict the bullfrog. The bullfrog hits you.
* * * LOW HITPOINT WARNING * * *
The bullfrog closely misses you.
You release your grip on the bullfrog.
You block the bullfrog's attack. The bullfrog closely misses you.
The bullfrog barely misses you. The bullfrog hits you.
You die...

#...###### #.########
#......... #........#
##>#######
########.########.#######
.........................
.........................
########.########.#######
#F# #........ #@#
##########. #.# #.....#
#. #.# #.....# #. #.#
#.....# #. #.# #.....# #.
#.######.....####.
#.................
#........####.####
##.......# ##.####


You could see a bullfrog.

Vanquished Creatures
  A hound (D:4)
  A bullfrog skeleton (D:4)
  A hound skeleton (D:4)
  3 adders
  An adder skeleton (D:4)
  5 worms
  A dart slug (D:4)
  An orc (D:3)
  8 bats
  17 endoplasms
  4 giant cockroaches
  3 goblins
  9 hobgoblins
  2 kobolds (D:1)
  4 quokkas
  5 ball pythons
  4 frilled lizards
  5 rats
75 creatures vanquished.

Notes
Turn   | Place    | Note
-------+----------+-------------------------------------------
     0 | D:1      | Jahmms the Octopode Transmuter began the quest for the Orb.
     0 | D:1      | Reached XP level 1. HP: 13/13 MP: 3/3
   433 | D:1      | Reached XP level 2. HP: 18/18 MP: 5/5
  1149 | D:1      | Reached skill level 1 in Stealth
  1149 | D:1      | Reached XP level 3. HP: 13/23 MP: 4/6
  1657 | D:1      | Identified a scroll of acquirement
  1657 | D:1      | Acquired a +1 hat of willpower
  2257 | D:2      | Reached XP level 4. HP: 22/28 MP: 7/7
  2381 | D:2      | Found a faded altar of an unknown god.
  2988 | D:3      | Learned a level 2 spell: Wereblood
  2990 | D:3      | Learned a level 1 spell: Animate Skeleton
  2992 | D:3      | Learned a level 1 spell: Pain
  4025 | D:4      | Reached XP level 5. HP: 21/33 MP: 8/8
  4477 | D:4      | Found a runed translucent gate.
  4477 | D:4      | Found a runed translucent gate.
  4477 | D:4      | Noticed Cykl0x's ghost (amateur MiFi)
  4478 | D:4      | Found a runed translucent gate.
  4562 | D:4      | Slain by a bullfrog

Illustrated notes

Levels and vault maps discovered:
D:1:      minmay_arrival_open_corners, layout_basic
D:2:      layout_loops_ring, shapermc_ecumenical_altar_mp_highgroup
D:3:      layout_rooms
D:4:      layout_basic, ebering_ghost_rock_garden

Skill      XL: |  1  2  3  4  5 |
---------------+----------------+-----
Stealth        | 1 2 |  2.0
Transmutations | 3 |  3.2
Dodging        | 3 |  3.1
Fighting       | |  1.7
Shields        | |  0.8
Unarmed Combat | |  3.9
Spellcasting   | |  2.4
Necromancy     | |  0.6

Action                   |  1- 3 |  4- 6 || total
-------------------------+-------+-------++-------
Melee: Unarmed           |    51 |    90 ||   141
       Constrict         |    19 |    18 ||    37
       Tentacles         |    15 |    14 ||    29
       Punch             |     2 |     4 ||     6
       Dagger            |    51 |       ||    51
 Cast: Beastly Appendage |     2 |     1 ||     3
  Use: Scroll            |     4 |     5 ||     9
 Stab: Sleeping          |     6 |    11 ||    17
Armor: Skin              |     7 |     3 ||    10
Dodge: Dodged            |    50 |    36 ||    86
Block: Buckler           |       |     4 ||     4
